 Dungeon Crawl Stone Soup version 0.28.0-53-g5a82cb258f (webtiles) character file.

Game seed: 11704685581509038170

154 purpskrrrp the Twirler (level 5, -1/40 HPs)
             Began as a Demonspawn Wanderer on June 23, 2022.
             Was an Initiate of Ashenzari.
             Succumbed to a scorpion's poison
             ... on level 4 of the Dungeon.
             The game lasted 00:08:38 (2375 turns).

purpskrrrp the Twirler (Demonspawn Wanderer)        Turns: 2375, Time: 00:08:39

Health: -1/40      AC:  8    Str: 17    XL:     5   Next: 13%
Magic:  5/5        EV: 10    Int: 10    God:    Ashenzari [......]
Gold:   118        SH:  4    Dex: 13    Spells: 4/4 levels left

rFire   . . .      SeeInvis .   o - +2 war axe (vamp)
rCold   . . .      Faith    .   (no shield)
rNeg    + . .      Spirit   .   h - +1 ring mail {rN+}
rPois   .          Reflect  .   (helmet restricted)
rElec   .          Harm     .   (no cloak)
rCorr   .          Rampage  .   (no gloves)
Will    .....                   e - +1 pair of boots {Fly}
Stlth   +.........              (no amulet)
HPRegen 0.13/turn               (no ring)
MPRegen 0.09/turn               (no ring)

@: lethally poisoned (-1 -> -7), flying
A: horns 1, powered by pain 1, condensation shield
a: Renounce Religion


You were on level 4 of the Dungeon.
You worshipped Ashenzari.
Ashenzari was noncommittal.
You visited 1 branch of the dungeon, and saw 4 of its levels.

You collected 118 gold pieces.

Inventory:

Hand Weapons
 a - a +2 quarterstaff
 b - a +0 hand axe
 o - a +2 vampiric war axe (weapon)
Missiles
 i - 10 poisoned darts (quivered)
 j - 16 bolts
 k - 37 arrows
Armour
 c - a +0 ring mail
 e - a +1 pair of boots of flying (worn)
 f - a +0 helmet
 h - a +1 ring mail of positive energy (worn)
Magical Staves
 l - a staff of poison
Scrolls
 d - 3 scrolls of identify
 n - a scroll of silence {unknown}
 p - a scroll of fear {unknown}
Potions
 g - 3 potions of might
 m - a potion of curing {unknown}
 q - a potion of ambrosia {unknown}


   Skills:
 + Level 2.9 Fighting
 + Level 2.1 Axes
 + Level 4.1 Staves
 + Level 2.7 Armour
 + Level 0.5 Dodging
 + Level 1.2 Invocations


You had 4 spell levels left.
You didn't know any spells.
Your spell library was empty.

Dungeon Overview and Level Annotations

Branches:
Dungeon (4/15)
 Temple: D:4-7

Altars:
Ashenzari


Innate Abilities, Weirdness & Mutations

You have a pair of small horns on your head.
You sometimes gain a little power by taking damage.
A meltable shield of frost defends you. (SH +4)


Message History

You are more poisoned.
The scorpion poisons you!
You hit the scorpion.
You headbutt the scorpion, but do no damage.
The scorpion is moderately wounded.
You feel very sick. You block the scorpion's attack.
You completely miss the scorpion.
The scorpion is moderately wounded.
You feel very sick. You block the scorpion's attack.
The scorpion closely misses you.
You feel sick.
You feel sick.
You hit the scorpion but do no damage. You headbutt the scorpion.
The scorpion is heavily wounded.
You feel sick. The scorpion misses you. The scorpion closely misses you.
You feel sick.
You feel sick.
You feel sick. The endoplasm hits you.
* * * LOW HITPOINT WARNING * * *
You slash the endoplasm!
You kill the endoplasm!
You feel sick.
You are no longer poisoned.
You hit the scorpion.
You feel better.
The scorpion is severely wounded.
The scorpion stings you.
* * * LOW HITPOINT WARNING * * *
You are lethally poisoned!
The scorpion poisons you!
The scorpion stings you but does no damage.
You completely miss the scorpion. Your headbutt misses the scorpion.
The scorpion is severely wounded.
* * * LOW HITPOINT WARNING * * *
You feel very sick. The scorpion closely misses you. The scorpion stings you.
* * * LOW HITPOINT WARNING * * *
You barely miss the scorpion. Your headbutt misses the scorpion.
The scorpion is severely wounded.
You die...

..##. .... #
###..# .#
#....##..#
#...#..#
#......#
#.#.##.#
#####....#.#
#..@s....#.#
#.######.#.#
#.....##...#
#####......#
#......#
#......##
#.......#
##.).#..#
#...#..##


You could see a scorpion.

Vanquished Creatures
  An iguana (D:3)
  4 adders
  A worm (D:3)
  6 dart slugs
  An orc (D:2)
  6 endoplasms
  2 giant cockroaches
  2 goblins (D:1)
  9 hobgoblins
  4 jackals (D:1)
  5 quokkas
  6 ball pythons
  11 bats
  4 frilled lizards
  3 kobolds
  7 rats
72 creatures vanquished.

Notes
Turn   | Place    | Note
-------+----------+-------------------------------------------
     0 | D:1      | purpskrrrp the Demonspawn Wanderer began the quest for the
                  | Orb.
     0 | D:1      | purpskrrrp set off with the following items: a +2
                  | quarterstaff, a +0 hand axe, a +0 ring mail
     0 | D:1      | Reached XP level 1. HP: 16/16 MP: 1/1
   102 | D:1      | Gained mutation: You have a pair of small horns on your
                  | head. [demonic ancestry]
   102 | D:1      | Reached XP level 2. HP: 15/23 MP: 2/2
   297 | D:1      | Reached skill level 3 in Staves
   321 | D:1      | Found a faded altar of an unknown god.
   354 | D:1      | Noticed a floating eye
   444 | D:1      | Noticed an eye of devastation
   447 | D:1      | Gained mutation: You sometimes gain a little power by
                  | taking damage. [demonic ancestry]
   447 | D:1      | Reached XP level 3. HP: 27/28 MP: 3/3
   462 | D:1      | Noticed a golden eye
   479 | D:1      | Noticed an eye of devastation
  1276 | D:2      | Gained mutation: A meltable shield of frost defends you.
                  | (SH +4) [demonic ancestry]
  1276 | D:2      | Reached XP level 4. HP: 22/34 MP: 4/4
  1668 | D:3      | Reached skill level 4 in Staves
  1672 | D:3      | Found a broken altar of Ashenzari.
  1675 | D:3      | Became a worshipper of Ashenzari the Shackled
  2124 | D:3      | Reached XP level 5. HP: 40/40 MP: 5/5
  2374 | D:4      | HP: 1/40 [scorpion (3)]
  2375 | D:4      | Succumbed to a scorpion's poison

Illustrated notes

Levels and vault maps discovered:
D:1:      minmay_arrival_four_houses, layout_basic,
          hellmonk_ecumenical_altar_watching_god, minmay_heptomino_l4
D:2:      layout_rooms, chequers_serial_rivers_room_a,
          wad_floor_pattern_untrapped
D:3:      layout_loops_ring, ashenzari_conservatory_becter, serial_park_tiny_1,
          serial_park_tiny_pond, kennysheep_potato
D:4:      layout_basic

Skill      XL: |  1  2  3  4 |
---------------+-------------+-----
Staves         | 3 4 |  4.1
Axes           | 2 |  2.1
Armour         | 2 |  2.7
Fighting       | |  2.9
Dodging        | |  0.5
Invocations    | |  1.2

Action                   |  1- 3 |  4- 6 || total
-------------------------+-------+-------++-------
Melee: Quarterstaff      |   107 |    57 ||   164
       Headbutt          |     6 |    11 ||    17
       War axe           |       |    11 ||    11
  Use: Scroll            |     2 |       ||     2
Armor: Ring mail         |    64 |    27 ||    91
Dodge: Dodged            |    75 |    40 ||   115
Block: Other             |       |    11 ||    11
